 Dungeon Crawl Stone Soup version 0.19.0-2-gae57169 (webtiles) character file.

5411 Inkary the Cleaver (level 10, 0/91 HPs)
             Began as a Minotaur Abyssal Knight on Nov 6, 2016.
             Was a High Priest of Lugonu.
             Slain by a wolf (1 damage)
             ... led by Grum
             ... on level 9 of the Dungeon.
             The game lasted 00:21:13 (9886 turns).

Inkary the Cleaver (Minotaur Abyssal Knight)        Turns: 9886, Time: 00:21:14

Health: 0/91       AC: 11    Str: 19    XL:     10   Next: 40%
Magic:  21/21      EV: 11    Int: 17    God:    Lugonu [*****.]
Gold:   766        SH:  5    Dex: 11    Spells: 1 memorised, 8 levels left

rFire  . . .     SeeInvis .     a - +2 hand axe
rCold  . . .     Gourm    .     n - +0 scale mail
rNeg   . . .     Faith    .     f - +0 buckler
rPois  .         Spirit   .     J - +0 hat {Int+3}
rElec  .         Reflect  .     k - +0 cloak
rCorr  .         Harm     .     (no gloves)
MR     .....                    e - +0 pair of boots
Stlth  ..........               (no amulet)
                                (no ring)
                                s - ring of magical power

@: brilliant, studying Bows
A: retaliatory headbutt, horns 2
a: Depart the Abyss, Bend Space, Banish, Corrupt, Enter the Abyss, Renounce
Religion


You were on level 9 of the Dungeon.
You worshipped Lugonu.
Lugonu was extremely pleased with you.
You were hungry.

You visited 2 branches of the dungeon, and saw 10 of its levels.
You visited the Abyss 1 time.

You collected 766 gold pieces.

Inventory:

Hand Weapons
 a - a +2 hand axe (weapon)
Armour
 e - a +0 pair of boots (worn)
 f - a +0 buckler (worn)
 k - a +0 cloak (worn)
 n - a +0 scale mail (worn)
 J - a +0 hat of intelligence (worn)
Jewellery
 s - a ring of magical power (left hand)
 I - a +3 ring of evasion {unknown}
Wands
 r - a wand of lightning (2/15)
 v - a wand of paralysis (14/24)
 D - a wand of teleportation (4/9)
 G - a wand of flame (9/48)
Scrolls
 d - 3 scrolls of enchant weapon
 g - 2 scrolls of fear
 h - a scroll of random uselessness {unknown}
 i - 5 scrolls of remove curse
 l - a scroll of enchant armour
 o - 3 scrolls of amnesia
 u - a scroll of teleportation
 x - a scroll of immolation {unknown}
 y - a scroll of noise {unknown}
 z - 3 scrolls of identify
 B - a scroll of magic mapping {unknown}
 K - a scroll of fog {unknown}
Potions
 b - 2 potions of brilliance
 A - 2 potions of curing {unknown}
 F - a potion of cancellation
Books
 m - a book of Summonings

   Spells                             Type                      Level
   a - Recall                         Summoning/Translocation      3
   b - Aura of Abjuration             Summoning                    5
   c - Summon Demon                   Summoning                    5
   d - Summon Forest                  Summoning/Translocation      5
   e - Summon Mana Viper              Hexes/Summoning              5
   f - Shadow Creatures               Summoning                    6
 q - a book of Misfortune

   Spells                             Type                      Level
   a - Confusing Touch                Hexes                        1
   b - Confuse                        Hexes                        3
   c - Gell's Gravitas                Hexes/Translocation          3
   d - Petrify                        Transmutation/Earth          4
   e - Metabolic Englaciation         Hexes/Ice                    5
   f - Yara's Violent Unravelling     Hexes/Transmutation          5
 C - a book of Frost

   Spells                             Type                      Level
   a - Freeze                         Ice                          1
   b - Throw Frost                    Conjuration/Ice              2
   c - Ozocubu's Armour               Charms/Ice                   3
   d - Throw Icicle                   Conjuration/Ice              4
   e - Summon Ice Beast               Ice/Summoning                4
 E - a manual of Bows
Comestibles
 c - 3 bread rations
 j - 25 fruits
 p - a royal jelly
 t - 2 meat rations
 w - a beef jerky
 H - 14 chunks of flesh


   Skills:
 + Level 9.1 Fighting
 + Level 11.2 Axes
 + Level 9.2 Armour
 + Level 3.2 Dodging
 - Level 5.0 Shields
 + Level 4.4 Invocations
 - Level 2.1 Evocations


You had 8 spell levels left.
You knew the following spells:

 Your Spells              Type           Power        Failure   Level  Hunger
a - Confusing Touch       Hex            ##....       10%         1    ##.....


Dungeon Overview and Level Annotations

Branches:
Dungeon (9/15)             Temple (1/1) D:4             Orc (0/2) D:9
   Lair: D:8-11

Altars:
Ashenzari
Cheibriados
Elyvilon
Fedhas
Gozag
Hepliaklqana
Kikubaaqudgha
Ru
Trog
Vehumet
Xom
Yredelemnul
Zin
The Shining One

Annotations:
D:6 Inkary's ghost, novice MiAK
D:9 Grum


Innate Abilities, Weirdness & Mutations

You reflexively headbutt those who attack you in melee.
You have a pair of horns on your head.


Message History

You miss the wolf. Your headbutt misses the wolf.
The wolf is heavily wounded.
The wolf bites you. Something hits you!!
* * * LOW HITPOINT WARNING * * *
You block the wolf's attack.
You are too injured to fight recklessly!
Okay, then.
The wolf closely misses you. The wolf bites you.
* * * LOW HITPOINT WARNING * * *
You block the wolf's attack. The wolf bites you.
* * * LOW HITPOINT WARNING * * *
The wolf bites you!
* * * LOW HITPOINT WARNING * * *
Okay, then.
It was a potion of brilliance.
You feel clever all of a sudden. The wolf bites you.
You die...

#############.#######
#.)<....._....#
#.#############
#########.#
..........##########
#####..........#..8#
#............._#
#.#........#..8#
.......##@####### ##
....#.####h# #..
..####.# #.# ..8. ..
#.# #h# ..#
#.########. #'
##.#o........ #
#.###.)##### #
##.#)#....... #
#{########. #'


You could see 2 wolves and an orc.

Vanquished Creatures
  Gastronok (D:9)
  The ghost of BadBadger the Carver, a novice HESk of Uskayaw (D:7)
  Pikel (D:8)
  The ghost of Xiguana the Magician, an amateur DgWz (D:4)
  2 wargs (D:9)
  3 orc warriors
  A phantom (D:7)
  4 slaves (D:8)
  A wolf (D:9)
  4 ogres
  2 centaurs
  A big kobold (D:8)
  2 bullfrogs (D:6)
  A scorpion (D:5)
  7 howler monkeys
  A bullfrog skeleton (D:4)
  A centaur skeleton (D:5)
  4 hounds
  A jelly (D:6)
  Crazy Yiuf (D:6)
  4 orc priests
  2 iguanas
  8 orc wizards
  5 worker ants
  A mummy (D:5)
  Robin (D:4)
  4 gnolls
  5 adders
  2 shadow imps
  3 oozes
  2 adder zombies
  A worm (D:6)
  5 leopard geckos
  44 orcs
  4 giant cockroaches
  16 goblins
  8 hobgoblins
  5 jackals
  2 quokkas
  4 bats
  6 frilled lizards
  3 hobgoblin zombies (D:5)
  3 kobolds
  A leopard gecko skeleton (D:8)
  An orc zombie (D:5)
  A quokka zombie (D:7)
  6 rats
187 creatures vanquished.

Vanquished Creatures (others)
  A plant (D:9)
1 creature vanquished.

Grand Total: 188 creatures vanquished

Notes
Turn   | Place    | Note
-------+----------+-------------------------------------------
     0 | Abyss:1  | Inkary the Minotaur Abyssal Knight began the quest for the Orb.
     0 | Abyss:1  | Reached XP level 1. HP: 19/19 MP: 1/1
     4 | D:1      | Escaped the Abyss
   368 | D:1      | Reached skill level 1 in Shields
   391 | D:1      | Reached XP level 2. HP: 25/26 MP: 2/2
   744 | D:2      | Found a blossoming altar of Fedhas.
   895 | D:2      | Reached skill level 3 in Axes
   921 | D:2      | Found a faded altar of an unknown god.
  1154 | D:2      | Reached XP level 3. HP: 23/33 MP: 3/3
  1353 | D:3      | Reached ** piety under Lugonu
  1794 | D:3      | Reached XP level 4. HP: 40/40 MP: 4/4
  2206 | D:4      | Reached skill level 4 in Axes
  2230 | D:4      | Noticed Xiguana's ghost (amateur DgWz)
  2277 | D:5      | Entered Level 5 of the Dungeon
  2528 | D:5      | Reached XP level 5. HP: 38/46 MP: 5/5
  2873 | D:5      | Found a radiant altar of Vehumet.
  2928 | D:5      | HP: 2/47 [poisoned by a worker ant]
  2934 | D:5      | HP: 2/47 [poisoned by a worker ant]
  2940 | D:5      | HP: 1/47 [poisoned by a worker ant]
  3315 | D:5      | Reached skill level 5 in Axes
  3315 | D:5      | Reached XP level 6. HP: 29/53 MP: 6/6
  4235 | D:6      | Found a snail-covered altar of Cheibriados.
  4503 | D:6      | Noticed Inkary's ghost (novice MiAK)
  4724 | D:4      | Found a staircase to the Ecumenical Temple.
  4784 | D:4      | Found an ancient bone altar of Kikubaaqudgha.
  4949 | D:4      | Found a sacrificial altar of Ru.
  4953 | D:4      | Found a shattered altar of Ashenzari.
  5001 | D:4      | Found a glowing golden altar of the Shining One.
  5067 | D:4      | Reached *** piety under Lugonu
  5159 | Temple   | Entered the Ecumenical Temple
  5285 | D:5      | Learned a level 1 spell: Confusing Touch
  5316 | D:4      | Killed Xiguana's ghost
  5316 | D:4      | Reached skill level 5 in Fighting
  5316 | D:4      | Reached skill level 6 in Axes
  5316 | D:4      | Reached skill level 5 in Armour
  5316 | D:4      | Reached XP level 7. HP: 60/61 MP: 7/7
  5562 | D:4      | Noticed Robin
  5584 | D:4      | Killed Robin
  6433 | D:6      | Reached skill level 7 in Axes
  6547 | D:6      | Found a runed door.
  6596 | D:6      | Noticed Crazy Yiuf
  6601 | D:6      | Killed Crazy Yiuf
  6601 | D:6      | Reached XP level 8. HP: 42/70 MP: 8/8
  7022 | D:7      | Reached skill level 1 in Evocations
  7281 | D:7      | Noticed BadBadger's ghost (novice HESk)
  7346 | D:7      | Killed BadBadger's ghost
  7346 | D:7      | Reached skill level 8 in Axes
  7491 | D:7      | Reached **** piety under Lugonu
  7796 | D:7      | Found a white marble altar of Elyvilon.
  7904 | D:7      | Reached skill level 9 in Axes
  8003 | D:7      | Reached XP level 9. HP: 64/79 MP: 9/9
  8179 | D:8      | Noticed Pikel
  8562 | D:8      | Found a glowing silver altar of Zin.
  8597 | D:8      | Reached skill level 5 in Shields
  8613 | D:8      | Killed Pikel
  8813 | D:8      | Reached skill level 10 in Axes
  9531 | D:9      | Found a bloodstained altar of Trog.
  9572 | D:9      | Noticed Gastronok
  9625 | D:9      | Killed Gastronok
  9625 | D:9      | Reached skill level 11 in Axes
  9625 | D:9      | Reached XP level 10. HP: 66/91 MP: 12/12
  9692 | D:9      | Found a staircase to the Orcish Mines.
  9739 | D:9      | Reached ***** piety under Lugonu
  9786 | D:9      | Found a basalt altar of Yredelemnul.
  9833 | D:9      | Found an opulent altar of Gozag.
  9859 | D:9      | Noticed Grum
  9885 | D:9      | HP: 1/91 [wolf[Grum] (9)]
  9886 | D:9      | Slain by a wolf

Skill      XL: |  1  2  3  4  5  6  7  8  9 10 |
---------------+-------------------------------+-----
Shields        | 1 2 3 4 5 |  5.0
Axes           | 3 4 5 6 7 9 11 | 11.2
Dodging        | 2 3 |  3.2
Armour         | 3 4 5 6 9 |  9.2
Fighting       | 4 5 6 7 9 |  9.1
Evocations     | 2 |  2.1
Invocations    | 4 |  4.4

Action                   |  1- 3 |  4- 6 |  7- 9 | 10-12 || total
-------------------------+-------+-------+-------+-------++-------
Melee: Hand axe          |    87 |   188 |   405 |    99 ||   779
       Headbutt          |     7 |    23 |    53 |    10 ||    93
Evoke: Wand              |       |       |    22 |       ||    22
  Use: Potion            |       |     7 |     1 |     1 ||     9
       Scroll            |       |    11 |     3 |       ||    14
 Stab: Paralysed         |       |       |     5 |       ||     5
  Eat: Chunk             |     2 |     4 |    11 |     1 ||    18
       Pizza             |       |     1 |       |       ||     1
       Meat ration       |       |     1 |       |       ||     1
       Bread ration      |       |       |     1 |       ||     1
Armor: Ring mail         |    33 |    42 |    14 |       ||    89
       Leather armour    |     1 |       |       |       ||     1
       Scale mail        |       |       |    65 |    28 ||    93
       Skin              |       |       |    26 |       ||    26
Dodge: Dodged            |    50 |   100 |   149 |    32 ||   331
Block: Buckler           |     7 |    32 |    74 |    29 ||   142
